 Dungeon Crawl Stone Soup version 0.31-a0-1134-gb247575874 (webtiles) character file.

Game seed: 1941027824483125029

146869 Ge0ff the Skirmisher (level 18, -4/116 HPs)
             Began as a Kobold Artificer on Dec 5, 2023.
             Was a High Priest of Ashenzari.
             Slain by a salamander
             ... wielding a +2 halberd of venom
              (10 damage)
             ... on level 3 of the Snake Pit.
             The game lasted 01:22:20 (38361 turns).

Ge0ff the Skirmisher (Kobold Artificer)            Turns: 38361, Time: 01:22:21

Health: -4/116     AC: 21    Str: 11    XL:     18   Next: 7%
Magic:  17/37      EV: 20    Int: 20    God:    Ashenzari [*****.]
Gold:   2238       SH:  0    Dex: 29    Spells: 21/47 levels left

rFire   . . .        a - +6 orcbow "Lashed With Me" {drain, rCorr Dex+3, Elem, Self} (curse)
rCold   . . .        (shield currently unavailable)
rNeg    . . .        D - +7 swamp dragon scales "Visionary Paranoia" {rPois, Fort, Self} (curse)
rPois   +            P - +0 helmet of Ashenzari's Skepticism {Dev, Comp} (curse)
rElec   .            Q - +0 cloak "Shattered With Me" {Self, Bglg} (curse)
rCorr   +            Y - +0 pair of gloves of the Elysian Adversity {Fort, Cun} (curse)
SInv    +            (no boots)
Will    +....        w - amulet of Ashenzari's Fanaticism {Faith, Fort, Range} (curse)
Stlth   ++++         x - ring of Ashenzari's Pleiades {Int+6, Dev, Bglg} (curse)
HPRegen 0.39/turn    U - ring of Star-Bound Wisdom {Dex+6, Comp, Alch} (curse)
MPRegen 0.25/turn

%: clarity, faith
@: weakened, very slightly contaminated
A: small, no large weapons, nightstalker 3
a: Renounce Religion, Curse Item, Shatter the Chains


You were on level 3 of the Snake Pit.
You worshipped Ashenzari.
Ashenzari was extremely pleased with you.
You visited 4 branches of the dungeon, and saw 25 of its levels.

You collected 3206 gold pieces.
You spent 968 gold pieces at shops.

Inventory:

Hand Weapons
 a - the cursed +6 orcbow "Lashed With Me" (weapon) {drain, rCorr Dex+3, Elem, Self}
   (You found it on level 11 of the Dungeon)

   Dex+3:     It affects your dexterity (+3).
   rCorr:     It protects you from acid and corrosion.
   It has a curse which improves the following skills: Elements: Fire Magic, Ice
   Magic, Air Magic and Earth Magic.
   Introspection: Fighting and Spellcasting.
 d - a +0 arbalest
 t - a +0 triple crossbow
 Z - the +2 dagger of the Dove {heavy, Fly rElec rPois rC+}
   (You found it on level 5 of the Dungeon)

   rC+:       It protects you from cold.
   rElec:     It insulates you from electricity.
   rPois:     It protects you from poison Fly: It grants you flight.
Missiles
 b - 6 datura-tipped darts {=F}
 l - 30 boomerangs
 G - 24 poisoned darts
Armour
 h - the +3 helmet "Umenek" {-Cast rN+ Str+2}
   (You found it on level 1 of the Lair of Beasts)

   Str+2:     It affects your strength (+2).
   rN+:       It protects you from negative energy.
   -Cast:     It prevents spellcasting.
 n - a +2 troll leather armour {Snorg}
 r - the +0 helmet "Hup Xism" {-Cast rF++ rC+ Regen+}
   (You found it on level 7 of the Dungeon)

   rF++:      It greatly protects you from fire.
   rC+:       It protects you from cold.
   -Cast:     It prevents spellcasting.
   Regen+:    It increases your rate of health regeneration.
 D - the cursed +7 swamp dragon scales "Visionary Paranoia" (worn) {rPois, Fort, Self}
   (You found it on level 5 of the Lair of Beasts)

   rPois:     It protects you from poison It has a curse which improves the
   following skills: Fortitude: Armour and Shields.
   Introspection: Fighting and Spellcasting.
 J - a +0 cloak of preservation
 P - the cursed +0 helmet of Ashenzari's Skepticism (worn) {Dev, Comp}
   (You found it on level 2 of the Dungeon)

   It has a curse which improves the following skills: Devices: Evocations and
   Shapeshifting.
   Companions: Summonings and Necromancy.
 Q - the cursed +0 cloak "Shattered With Me" (worn) {Self, Bglg}
   (You found it on level 2 of the Dungeon)

   It has a curse which improves the following skills: Introspection: Fighting
   and Spellcasting.
   Beguiling: Conjurations, Hexes and Translocations.
 Y - the cursed +0 pair of gloves of the Elysian Adversity (worn) {Fort, Cun}
   (You found it on level 2 of the Dungeon)

   It has a curse which improves the following skills: Fortitude: Armour and
   Shields.
   Cunning:   Dodging and Stealth.
Jewellery
 c - a ring of fire
 g - a ring of ice
 p - a +4 ring of slaying
 v - a +4 ring of protection
 w - the cursed amulet of Ashenzari's Fanaticism (around neck) {Faith, Fort, Range}
   (You found it on level 12 of the Dungeon)

   [amulet of faith]

   Faith:     It allows you to gain divine favour quickly.
   It has a curse which improves the following skills: Fortitude: Armour and
   Shields.
   Ranged Combat: Ranged Weapons and Throwing.
 x - the cursed ring of Ashenzari's Pleiades (left hand) {Int+6, Dev, Bglg}
   (You found it on level 2 of the Dungeon)

   [ring of intelligence]

   Int+6:     It affects your intelligence (+6).
   It has a curse which improves the following skills: Devices: Evocations and
   Shapeshifting.
   Beguiling: Conjurations, Hexes and Translocations.
 S - a ring of protection from fire
 U - the cursed ring of Star-Bound Wisdom (right hand) {Dex+6, Comp, Alch}
   (You found it on level 4 of the Dungeon)

   [ring of dexterity]

   Dex+6:     It affects your dexterity (+6).
   It has a curse which improves the following skills: Companions: Summonings
   and Necromancy.
   Alchemy:   Poison Magic and Transmutations.
Wands
 e - a wand of charming (13)
 f - a wand of flame (14)
 j - a wand of light (8)
 k - a wand of iceblast (17)
 s - a wand of mindburst (14)
Scrolls
 i - 2 scrolls of enchant weapon
 m - 2 scrolls of revelation
 y - a scroll of immolation
 B - 4 scrolls of blinking
 C - 5 scrolls of poison
 E - 4 scrolls of fear
 F - 4 scrolls of fog
 R - a scroll of torment
 T - 13 scrolls of teleportation
 V - a scroll of vulnerability
Potions
 o - 5 potions of ambrosia
 q - 7 potions of curing
 u - 4 potions of mutation {!q}
 z - 4 potions of brilliance
 A - 2 potions of attraction
 H - 2 potions of haste {!q}
 I - 3 potions of invisibility
 K - 2 potions of magic {!q}
 L - 6 potions of lignification
 M - 3 potions of might
 N - a potion of cancellation {!q}
 W - 3 potions of heal wounds {!q}
 X - 3 potions of enlightenment
Miscellaneous
 O - a sack of spiders (inert)


   Skills:
 - Level 9.8(14.0) Fighting
 - Level 14.2(16.3) Ranged Weapons
 - Level 4.2(6.2) Throwing
 - Level 5.0(9.0) Armour
 - Level 5.8(8.0) Dodging
 - Level 2.5(4.3) Stealth
 - Level 10.8(15.0) Spellcasting
 - Level 7.2(10.4) Conjurations
 - Level 6.2(9.4) Hexes
 - Level 13.9(17.0) Summonings
 + Level 11.9(15.0) Translocations
 - Level 8.1(10.3) Transmutations
 - Level 7.0(9.2) Fire Magic
 - Level 9.0(11.1) Ice Magic
 - Level 4.4(7.3) Evocations


You had 21 spell levels left.
You knew the following spells:

 Your Spells              Type           Power      Damage    Failure   Level
b - Summon Ice Beast      Ice/Summ       63%        N/A       1%          4
j - Inner Flame           Hex/Fire       51%        N/A       1%          3
s - Monstrous Menagerie   Summ           35%        N/A       7%          7
v - Summon Mana Viper     Hex/Summ       61%        N/A       1%          5
B - Blink                 Tloc           100%       N/A       1%          2
E - Irradiate             Conj/Tmut      27%        3d20      3%          5

Your spell library contained the following spells:

 Spells                   Type           Power      Damage    Failure   Level
 Slow                     Hex            100%       N/A       1%          1
 Sting                    Tmut/Pois      100%       1d8       1%          1
 Lesser Beckoning         Tloc           100%       N/A       1%          2
 Momentum Strike          Conj/Tloc      100%       3d10      1%          2
 Confusing Touch          Hex            51%        N/A       1%          3
 Dazzling Flash           Conj/Hex       100%       N/A       1%          3
 Hailstorm                Conj/Ice       55%        3d11      1%          3
 Sigil of Binding         Hex            51%        N/A       1%          3
 Flame Wave               Conj/Fire      53%        2d13      1%          4
 Manifold Assault         Tloc           66%        N/A       1%          4
 Passage of Golubria      Tloc           66%        N/A       1%          4
 Sticky Flame             Conj/Fire      53%        2d7       1%          4
 Vhi's Electric Charge    Tloc/Air       90%        N/A       3%          4
 Mephitic Cloud           Conj/Pois/Air  29%        N/A       6%          3
 Petrify                  Tmut/Erth      36%        N/A       10%         4
 Sublimation of Blood     Necr           16%        N/A       11%         2
 Poisonous Vapours        Pois/Air       32%        N/A       12%         2
 Freezing Cloud           Conj/Ice/Air   22%        6-21      12%         5
 Vampiric Draining        Necr           16%        2d7       22%         3
 Alistair's Intoxication  Tmut/Pois      24%        N/A       26%         5
 Arcjolt                  Conj/Air       18%        1d28      26%         5
 Silence                  Hex/Air        17%        N/A       32%         5
 Olgreb's Toxic Radiance  Pois           16%        N/A       58%         4
 Simulacrum               Ice/Necr       19%        N/A       77%         6
 Eringya's Noxious Bog    Tmut/Pois      18%        4d6       83%         6
 Agony                    Necr           16%        N/A       89%         5
 Borgnjor's Vile Clutch   Necr/Erth      8%         N/A       90%         5
 Lehudib's Crystal Spear  Conj/Erth      18%        10d5      100%        8
 Maxwell's Capacitive Co  Air            8%         ∞         100%        8


Dungeon Overview and Level Annotations

Branches:
Dungeon (15/15) Zot: 25640  Temple (0/1) D:6            Lair (5/5) D:8 Zot: 19869
  Swamp (0/4) Lair:3        Snake (3/4) Lair:3 Zot: 13576   Slime (0/5) Lair:5
    Orc (2/2) D:12 Zot: 9350     Elf (0/3) Orc:2        Vaults (0/5) D:14
 Depths (0/4) D:15

Altars:
Ashenzari
Elyvilon
Hepliaklqana
Makhleb
Nemelex Xobeh
Okawaru
Uskayaw
Zin
The Shining One

Shops:
D:3 *   D:5 [!   D:11 :[=   D:12 ([   D:14 ?   Orc:2 [(::*


Innate Abilities, Weirdness & Mutations

You are small and have problems with some larger weapons.
You are completely attuned to the shadows.


Message History

Your lindwurm claws the salamander mystic but does no damage.
You shoot an arrow. The arrow hits the nameless horror!!
The nameless horror is severely damaged.
The salamander mystic hits you but does no damage.
The salamander hits you from afar with a +2 halberd of venom.
You are engulfed in flames!
The salamander tyrant gazes fiercely through you!
You feel your attacks grow feeble.
You shoot an arrow. The arrow hits the nameless horror!
You destroy the nameless horror!
That felt strangely unrewarding.
Your lindwurm bites the salamander mystic!
Your lindwurm claws the salamander mystic. x2
Your lindwurm bites the salamander mystic.
Your lindwurm claws the salamander mystic! x2
The salamander hits you from afar with a +2 halberd of venom!
You are engulfed in flames!
The salamander mystic hits you with a +0 dagger.
You are engulfed in flames!
You feel much better. The salamander barely misses you.
The salamander tyrant gazes fiercely through you!
You feel as though you will be weak longer.
Your lindwurm closely misses the salamander mystic.
Your lindwurm claws the salamander mystic but does no damage.
Your lindwurm claws the salamander mystic.
Your lindwurm bites the salamander mystic!
Your lindwurm claws the salamander mystic.
Your lindwurm claws the salamander mystic but does no damage.
The salamander mystic points at the salamander tyrant and mumbles some strange words.
The salamander tyrant seems to speed up.
The salamander misses you.
You shoot an arrow. The arrow hits the salamander mystic!!
You kill the salamander mystic!
The salamander tyrant rends the earth beneath you!
The blast of magma engulfs you!!
The blast of magma engulfs your lindwurm!! x2
Your lindwurm barely misses the salamander tyrant.
Your lindwurm claws the salamander tyrant!
Your lindwurm barely misses the salamander tyrant.
The salamander barely misses you.
You hear an angry hiss.
You reach into the sack... ...and things crawl out!
The sack is emptied!
The salamander tyrant hits you!
* * * LOW HITPOINT WARNING * * *
You are engulfed in flames!!
* * * LOW HITPOINT WARNING * * *
The salamander hits you from afar with a +2 halberd of venom.
* * * LOW HITPOINT WARNING * * *
You are engulfed in flames!
You die...

**~~,,,,,,,,,,,,,***,,,**
**~*{*{*~*~*~*{***,,,,*
****************,,,,** ####
*###.,,,,,* ##..####
#.$...,,,, *
#####......####.....,,,,
###..............s....,,{,
##.............≈≈≈s....,,,,
#..)............@N.....,,,,
.##..............k[....,,,,
.<....).).......skN....,,,,
......).)..#...........,,,,
..........##...........,,**
....).....#,,,,,,,,,,,,,***
.....)...##,,,,,,,,,,,,***,
#..........,,,,,,,,,,,,,,,,
#..........,,,,,,,,,,,,,,,,


You could see a salamander tyrant (fast, ally target), a salamander (fast, ally
target), 2 friendly lindwurms, a friendly tarantella (summoned), a friendly
redback (summoned) and a friendly scorpion (summoned).

Vanquished Creatures
  Jorgrun (Orc:1)
  Donald (Snake:3)
  3 nagarajas (Snake:3)
  A fire giant (D:15)
  An orc warlord (Orc:2)
  Snorg (D:13)
  A fire dragon (Lair:5)
  Erolcha (D:12)
  4 hydras
  3 salamander tyrants (Snake:3)
  6 anacondas
  A catoblepas (Lair:2)
  Erica (D:9)
  5 centaur warriors
  An ogre mage (D:15)
  3 death yaks (Lair:5)
  4 boulder beetles
  6 two-headed ogres
  A death knight (D:13)
  7 naga warriors
  A shock serpent (Snake:1)
  3 naga sharpshooters
  2 orc high priests (Orc:2)
  4 salamander mystics (Snake:3)
  A skyshark (Lair:2)
  A skeletal warrior (D:13)
  A sea snake (Snake:1)
  5 naga ritualists
  A swamp dragon (Lair:5)
  4 orc knights (Orc:2)
  Pikel (D:7)
  10 ugly things
  4 cyclopes
  2 deep elf pyromancers
  An orc sorcerer (Orc:2)
  16 salamanders
  Maurice (Orc:2)
  A manticore (D:14)
  2 oklob plants (Lair:4)
  7 mana vipers
  10 elephants
  2 kobold blastminers (Orc:2)
  11 naga magi
  37 black mambas
  4 guardian serpents
  A gargoyle (D:12)
  9 cane toads
  An unseen horror (D:8)
  5 rime drakes
  8 komodo dragons
  An efreet (D:14)
  3 freezing wraiths
  3 meliai (Lair:4)
  A queen bee (Lair:4)
  3 polar bears
  A queen bee (shapeshifter) (D:15)
  4 trolls
  4 hornets
  A nameless horror (Snake:3)
  10 blink frogs
  A slime creature (D:13)
  A shadow (D:10)
  A vampire (D:14)
  35 yaks
  A wraith (D:9)
  14 wyverns
  5 basilisks
  8 vampire mosquitoes
  3 steam dragons
  4 swamp worms (Lair:1)
  A warg (Orc:2)
  25 nagas
  2 acid dragons
  11 water moccasins
  17 orc warriors
  2 ice beasts
  3 black bears
  2 swamp drakes (Lair:5)
  12 ogres
  13 wolves
  13 centaurs
  A lemure (D:7)
  Blork the orc (D:6)
  10 bullfrogs
  3 scorpions
  11 wights
  24 killer bees
  2 electric eels
  4 lava snakes
  2 quasits (D:8)
  11 orc priests
  6 hounds
  2 gnoll boudas
  8 iguanas
  2 sleepcaps
  31 orc wizards
  4 hell rats (Lair:2)
  14 gnolls
  4 adders
  4 shadow imps
  2 white imps
  3 worms
  2 dart slugs
  64 orcs
  9 ball pythons
  5 bats
  12 endoplasms
  4 giant cockroaches
  14 goblins
  9 hobgoblins
  2 jackals (D:2)
  2 quokkas
  2 frilled lizards (D:1)
  6 kobolds
  8 rats
701 creatures vanquished.

Vanquished Creatures (collateral kills)
  4 hydras
  A two-headed ogre (D:12)
  2 naga warriors
  A shock serpent (Snake:1)
  2 death yaks
  3 naga sharpshooters
  2 skysharks
  An orc knight (Orc:2)
  A deep elf pyromancer (D:9)
  A wolf spider (Lair:5)
  7 ugly things
  An orc sorcerer (Orc:2)
  4 slime creatures (D:13)
  A guardian serpent (Lair:5)
  5 elephants
  7 cane toads
  3 black mambas
  A rime drake (Lair:2)
  A freezing wraith (D:13)
  A komodo dragon (Lair:5)
  A troll (D:14)
  A polar bear (Lair:5)
  2 hornets
  2 blink frogs (Lair:5)
  A vampire (D:5)
  A wraith (D:11)
  4 wyverns
  13 yaks
  A basilisk (Lair:2)
  4 vampire mosquitoes
  A redback (Lair:5)
  2 nagas (Snake:3)
  8 water moccasins
  4 orc warriors (Orc:2)
  6 wolves
  4 centaurs
  5 bullfrogs
  A wight (D:6)
  13 killer bees
  2 iguanas (Lair:5)
  2 orc wizards
  2 hell rats
  A gnoll (D:7)
  A worm (D:4)
  7 orcs
138 creatures vanquished.

Vanquished Creatures (others)
  A wyvern (D:5)
  A gnoll sergeant (D:7)
  A killer bee (Lair:4)
  An orc priest (D:4)
  Robin (D:2)
  3 adders
  2 orcs
10 creatures vanquished.

Grand Total: 849 creatures vanquished

Notes
Turn   | Place    | Note
-------+----------+-------------------------------------------
     0 | D:1      | Ge0ff the Kobold Artificer began the quest for the Orb.
     0 | D:1      | Reached XP level 1. HP: 12/12 MP: 1/1
   523 | D:1      | Reached skill level 1 in Ranged Weapons
   526 | D:1      | Reached XP level 2. HP: 16/16 MP: 2/2
   856 | D:1      | Reached skill level 2 in Ranged Weapons
   900 | D:1      | Reached XP level 3. HP: 21/21 MP: 3/3
  1125 | D:2      | Reached skill level 3 in Ranged Weapons
  1139 | D:2      | Noticed Robin
  1148 | D:2      | Your ally Robin died
  1368 | D:2      | Reached XP level 4. HP: 26/26 MP: 4/4
  1403 | D:2      | Reached skill level 4 in Ranged Weapons
  2427 | D:3      | Reached XP level 5. HP: 30/30 MP: 5/5
  2429 | D:3      | Reached skill level 5 in Ranged Weapons
  2467 | D:3      | Found Ynuming's General Store.
  2474 | D:3      | Bought a potion of curing for 30 gold pieces
  2474 | D:3      | Bought a potion of heal wounds for 50 gold pieces
  3361 | D:3      | Bought a scroll of poison for 40 gold pieces
  3383 | D:4      | Found a broken altar of Ashenzari.
  3428 | D:4      | Became a worshipper of Ashenzari the Shackled
  3469 | D:4      | Reached skill level 6 in Ranged Weapons
  3476 | D:4      | Reached XP level 6. HP: 19/35 MP: 6/6
  3478 | D:4      | Reached skill level 7 in Ranged Weapons
  3656 | D:4      | Reached skill level 8 in Ranged Weapons
  3670 | D:4      | Reached XP level 7. HP: 19/40 MP: 7/7
  4191 | D:5      | Entered Level 5 of the Dungeon
  4325 | D:5      | Reached skill level 9 in Ranged Weapons
  4823 | D:5      | Found Aduh's Armour Shoppe.
  4833 | D:5      | Reached skill level 1 in Armour
  4858 | D:5      | Reached XP level 8. HP: 45/45 MP: 8/8
  4915 | D:5      | Found Qifuth's Distillery.
  4946 | D:5      | Reached skill level 10 in Ranged Weapons
  5048 | D:5      | Reached * piety under Ashenzari
  5052 | D:5      | Identified the +2 dagger of the Dove {heavy, Fly rElec
                  | rPois rC+}
  5056 | D:5      | Noticed a vampire
  5423 | D:5      | Found a hazy altar of Hepliaklqana.
  5782 | D:5      | Noticed a wyvern
  6239 | D:5      | Identified the +2 dagger of the Dove {heavy, Fly rElec
                  | rPois rC+}
  6482 | D:6      | Reached skill level 5 in Fighting
  6499 | D:6      | Found a staircase to the Ecumenical Temple.
  6510 | D:6      | Reached skill level 11 in Ranged Weapons
  6571 | D:6      | Reached ** piety under Ashenzari
  6612 | D:6      | Reached XP level 9. HP: 44/54 MP: 9/9
  6884 | D:6      | Noticed Blork the orc
  6889 | D:6      | Killed Blork the orc
  7403 | D:7      | Reached skill level 12 in Ranged Weapons
  7529 | D:7      | Learned a level 4 spell: Summon Ice Beast
  7680 | D:7      | Reached skill level 1 in Spellcasting
  7680 | D:7      | Reached skill level 1 in Summonings
  7680 | D:7      | Reached skill level 1 in Ice Magic
  7759 | D:7      | Noticed Pikel
  7764 | D:7      | Killed Pikel
  7771 | D:7      | Reached XP level 10. HP: 64/64 MP: 12/15
  7914 | D:7      | Identified the +0 helmet "Hup Xism" {-Cast rF++ rC+ Regen+}
  7946 | D:7      | Reached *** piety under Ashenzari
  8061 | D:7      | Found a burning altar of Makhleb.
  8310 | D:7      | Found a white marble altar of Elyvilon.
  8311 | D:7      | Found a glowing silver altar of Zin.
  8312 | D:7      | Found a glowing golden altar of the Shining One.
  8406 | D:7      | Found a sparkling altar of Nemelex Xobeh.
  8730 | D:8      | Noticed a komodo dragon
  8742 | D:8      | Killed a komodo dragon
  8743 | D:8      | Reached skill level 13 in Ranged Weapons
  8884 | D:8      | Found a staircase to the Lair.
  9085 | D:8      | Noticed an unseen horror
  9094 | D:8      | Killed an unseen horror
  9095 | D:8      | Reached skill level 5 in Ice Magic
  9134 | D:8      | Noticed a two-headed ogre
  9141 | D:8      | Killed a two-headed ogre
  9220 | D:8      | Reached **** piety under Ashenzari
  9403 | D:8      | Reached XP level 11. HP: 69/69 MP: 19/19
  9418 | D:8      | Reached skill level 14 in Ranged Weapons
  9421 | D:8      | Reached skill level 5 in Summonings
  9735 | D:9      | Noticed a deep elf pyromancer
  9743 | D:9      | Killed a deep elf pyromancer
  9907 | D:9      | Learned a level 3 spell: Inner Flame
 10343 | D:9      | Noticed Erica
 10570 | D:9      | Reached ***** piety under Ashenzari
 10688 | D:9      | Killed Erica
 10689 | D:9      | Reached skill level 1 in Hexes
 10689 | D:9      | Reached skill level 1 in Fire Magic
 10777 | D:10     | Entered Level 10 of the Dungeon
 11431 | D:10     | Found an iron altar of Okawaru.
 12132 | D:11     | Found Xagatiobu's Jewellery Boutique.
 12315 | D:11     | Noticed a boulder beetle
 12330 | D:11     | Killed a boulder beetle
 12428 | D:11     | Learned a level 2 spell: Blink
 12438 | D:11     | Reached XP level 12. HP: 77/77 MP: 17/22
 12726 | D:11     | Reached skill level 1 in Translocations
 12858 | D:11     | Identified the +1 morningstar of Accord {flame, Str+3 Int+8
                  | SInv}
 12971 | D:11     | Found Qaum's Book Emporium.
 12976 | D:11     | Bought a book of Beasts for 380 gold pieces
 12982 | D:11     | Learned a level 5 spell: Summon Mana Viper
 13171 | D:11     | Identified the +6 orcbow "Magoemni" {drain, rCorr Dex+3}
 13265 | D:11     | Found Nerri's Armour Shop.
 13454 | D:12     | Reached skill level 5 in Spellcasting
 13461 | D:12     | Reached skill level 5 in Dodging
 13563 | D:12     | Found Bohiaq's Weapon Shop.
 13563 | D:12     | Found a staircase to the Orcish Mines.
 13568 | D:12     | Found Ujecyum's Armour Shop.
 13590 | D:12     | Noticed a two-headed ogre
 13591 | D:12     | Noticed Erolcha
 13601 | D:12     | Killed a two-headed ogre
 13635 | D:12     | Killed Erolcha
 15247 | D:13     | Noticed a centaur warrior
 16060 | D:5      | Found Qifuth's Distillery.
 16369 | D:5      | Found a hazy altar of Hepliaklqana.
 16388 | D:5      | Found Aduh's Armour Shoppe.
 16735 | Lair:1   | Entered Level 1 of the Lair of Beasts
 16735 | Lair:1   | Identified the Elucidation of the Singularity and the Black
                  | Widow
 16878 | Lair:1   | Identified the orb of Hadjma {*Rage, rPois rCorr Slay-4}
 16960 | Lair:1   | Found a transporter.
 17046 | Lair:1   | Reached skill level 5 in Fire Magic
 17060 | Lair:1   | Reached skill level 5 in Hexes
 17110 | Lair:1   | Found a transporter.
 17110 | Lair:1   | Identified the +3 helmet "Umenek" {-Cast rN+ Str+2}
 17887 | Lair:2   | Reached XP level 13. HP: 81/81 MP: 25/25
 17930 | Lair:2   | Noticed a six-headed hydra
 17935 | Lair:2   | Killed a six-headed hydra
 18274 | Lair:2   | Noticed a catoblepas
 18286 | Lair:2   | Killed a catoblepas
 18441 | Lair:2   | Noticed a seven-headed hydra
 18474 | Lair:2   | Killed a seven-headed hydra
 18780 | Lair:2   | Noticed a seven-headed hydra
 18788 | Lair:2   | Killed a seven-headed hydra
 19139 | Lair:2   | Noticed an eight-headed hydra
 19144 | Lair:2   | Killed an eight-headed hydra
 19885 | Lair:3   | Noticed a four-headed hydra
 19891 | Lair:3   | Killed a four-headed hydra
 20358 | Lair:3   | Found a staircase to the Swamp.
 20367 | Lair:3   | Learned a level 7 spell: Monstrous Menagerie
 20406 | Lair:3   | Reached XP level 14. HP: 87/87 MP: 22/28
 20461 | Lair:3   | Found a staircase to the Snake Pit.
 21611 | Lair:4   | Reached skill level 10 in Summonings
 22108 | Lair:4   | Reached skill level 10 in Spellcasting
 23227 | Lair:4   | Learned a level 5 spell: Irradiate
 23335 | Lair:4   | Reached skill level 1 in Conjurations
 23335 | Lair:4   | Reached skill level 1 in Transmutations
 23479 | Lair:5   | Entered Level 5 of the Lair of Beasts
 24058 | Lair:5   | Reached XP level 15. HP: 76/92 MP: 24/31
 24176 | Lair:5   | Reached skill level 5 in Conjurations
 24176 | Lair:5   | Reached skill level 5 in Transmutations
 24311 | Lair:5   | Identified the +3 trident of Mennacol {freeze, rF++ Str+2}
 24982 | Lair:5   | Found a staircase to the Slime Pits.
 26953 | Orc:1    | Entered Level 1 of the Orcish Mines
 26962 | Orc:1    | Noticed Jorgrun
 26976 | Orc:1    | Killed Jorgrun
 27435 | Orc:2    | Entered Level 2 of the Orcish Mines
 27513 | Orc:2    | Found Piwneful's Vocational Training.
 27599 | Orc:2    | Found Kunu's General Store.
 27736 | Orc:2    | Found a staircase to the Elven Halls.
 27857 | Orc:2    | Found Kunaqas's Book Boutique.
 28139 | Orc:2    | Noticed an orc warlord
 28144 | Orc:2    | Killed an orc warlord
 28280 | Orc:2    | Found a burning altar of Makhleb.
 28327 | Orc:2    | Found Ladducsu's Antique Weapon Shop.
 28470 | Orc:2    | Found Guitsinu's Antique Armour Boutique.
 28475 | Orc:2    | Bought a twisted scale mail for 288 gold pieces
 28475 | Orc:2    | Identified the +0 scale mail of Cheibriados's Anger {rF+
                  | rC+} (You bought it in a shop on level 2 of the Orcish
                  | Mines)
 28980 | Orc:2    | Found Kunaqas's Book Boutique.
 29032 | Orc:2    | Found a staircase to the Elven Halls.
 29047 | Orc:2    | Found Piwneful's Vocational Training.
 29203 | Orc:2    | Found Kunu's General Store.
 29254 | Orc:2    | Noticed Maurice
 29267 | Orc:2    | Killed Maurice
 29403 | Orc:2    | Found a burning altar of Makhleb.
 29550 | Orc:2    | Found Ladducsu's Antique Weapon Shop.
 29596 | Orc:2    | Found Guitsinu's Antique Armour Boutique.
 29898 | D:13     | Reached XP level 16. HP: 99/99 MP: 32/32
 30340 | D:13     | Noticed Snorg
 30404 | D:13     | Killed Snorg
 30757 | D:14     | Found Faant's Magic Scroll Boutique.
 30783 | D:14     | Reached skill level 1 in Throwing
 30834 | D:14     | Bought a scroll of poison for 60 gold pieces
 30834 | D:14     | Bought a scroll of fog for 60 gold pieces
 30834 | D:14     | Bought a scroll of poison for 60 gold pieces
 31090 | D:14     | Found a gate to the Vaults.
 32432 | D:15     | Entered Level 15 of the Dungeon
 32633 | D:15     | Found a hide-covered altar of Uskayaw.
 33422 | D:15     | Found a staircase to the Depths.
 33422 | D:15     | Noticed a fire giant
 33429 | D:15     | Killed a fire giant
 33867 | Snake:1  | Entered Level 1 of the Snake Pit
 34011 | Snake:1  | Identified the ring of Wedukh {Ice +Blink}
 34540 | Snake:1  | Reached skill level 5 in Armour
 34731 | Snake:1  | Found a runed translucent gate.
 34731 | Snake:1  | Found a runed translucent gate.
 34731 | Snake:1  | Found a runed translucent gate.
 34919 | Snake:1  | Reached XP level 17. HP: 110/110 MP: 13/35
 35300 | Snake:2  | Reached skill level 5 in Translocations
 35600 | Snake:2  | Identified the +6 flail "Tailiach" {chaos, Dex+5}
 37404 | Snake:3  | Noticed Donald
 37411 | Snake:3  | Killed Donald
 37431 | Snake:3  | Reached skill level 10 in Translocations
 38133 | Snake:3  | Reached XP level 18. HP: 82/116 MP: 31/37
 38361 | Snake:3  | Slain by a salamander

Illustrated notes

Levels and vault maps discovered:
D:1:      minmay_arrival_statue_studded, layout_loops_ring
D:2:      layout_rooms, minmay_pentomino_o4, uniq_robin
D:3:      minmay_recursive_quarters, layout_loops_ring, serial_shops,
          nicolae_shop_advertising_works [nicolae_subvault_shop_adworks]
D:4:      layout_rooms, amcnicky_altar_gilded, supply_closet_lemuel
D:5:      minmay_clustersquares, layout_gridville,
          mainiacjoe_overflow_surrounded_room, serial_shops,
          nicolae_shop_peninsula, nicolae_shop_tiny_glass, hex_medium
D:6:      layout_cave_pools, minmay_temple_entry_crystal_x, serial_bayou,
          serial_bayou_pond_d, serial_bayou_pond_e, serial_bayou_pond_e,
          serial_bayou_shore_a, serial_bayou_lake_a, uniq_blork_the_orc
D:7:      layout_basic, good_gods_temple_1, nemelex_dance_club_becter,
          makhleb_heckhound_becter, kennysheep_generic_room_16, uniq_pikel
D:8:      layout_gridville, david_lair_shrubbed, serial_demonic,
          serial_demonic_g, serial_demonic_e, serial_demonic_d, serial_demonic_a
D:9:      layout_loops_ring, uniq_erica
D:10:     layout_irregular_city, nicolae_overflow_hidden_temple
D:11:     layout_irregular_city, serial_shops, nicolae_shop_rolling_square,
          shop, nicolae_inconvenience_store
D:12:     layout_roguey, orc_david_3, lemuel_flame_loot_1, uniq_erolcha
D:13:     layout_cave_pools, uniq_snorg
D:14:     layout_irregular_city, hellmonk_vaults_attempted_burglary,
          chequers_serial_rivers_marsh, serial_shops,
          nicolae_shop_tiny_statue_garden, minmay_fountain_box
D:15:     grunt_enter_depths_giant_problem, layout_gridville,
          hangedman_abyss_or_decor_lesser_grid, eat_drink_and_be_merry_uskayaw
Lair:1:   gammafunk_worm_tunnel, layout_regular_city
Lair:2:   nzn_winding_woodlands_large [nzn_winding_woodlands_hourglass,
          nzn_winding_woodlands_5x15_twine, nzn_winding_woodlands_5x5_cross,
          nzn_winding_woodlands_center_triple_pond,
          nzn_winding_woodlands_15x15_eel_pit,
          nzn_winding_woodlands_center_diamonds,
          nzn_winding_woodlands_5x5_default,
          nzn_winding_woodlands_5x15_split_checker,
          nzn_winding_woodlands_5x5_closed_star], layout_regular_city
Lair:3:   layout_cave_pods, minmay_swamp_entry_swarm,
          nicolae_snake_entry_warm_welcome, evilmike_ambush
          [evilmike_ambush_outer_basic, evilmike_ambush_inner_basic],
          infiniplex_staircase_pool
Lair:4:   regret_index_harrowing_hell_hive, layout_gridlike
Lair:5:   guppyfry_lair_end_dragon, layout_layer_cave,
          hangedman_lair_tendril_chambers, slime_entry_1
Snake:1:  layout_basic, nicolae_snake_horde_hoard
Snake:2:  layout_gridlike
Snake:3:  cheibrodos_snake_lava_hold, layout_layer_cave, uniq_donald
Orc:1:    layout_caves, nicolae_orc_crystal_geode, uniq_jorgrun
Orc:2:    grunt_orc_gardens, layout_caves, grunt_orc_garden, grunt_orc_garden,
          grunt_orc_garden, grunt_orc_garden, basic_altar,
          nicolae_shop_vocational, uniq_maurice

Skill      XL: |  1  2  3  4  5  6  7  8  9 10 11 12 13 14 15 16 17 |
---------------+----------------------------------------------------+-----
Ranged Weapons | 1 2 3 4 6 8 9 11 12 13 14 | 14.2
Stealth        | 2 |  2.5
Fighting       | 2 5 6 7 8 9 |  9.8
Armour         | 1 2 4 5 |  5.0
Dodging        | 3 4 5 |  5.8
Spellcasting   | 2 3 4 6 8 10 | 10.8
Summonings     | 2 4 5 7 9 11 13 | 13.9
Ice Magic      | 2 6 7 9 |  9.0
Hexes          | 2 5 6 |  6.2
Fire Magic     | 2 5 7 |  7.0
Evocations     | 4 |  4.4
Translocations | 1 2 11 | 11.9
Conjurations   | 4 7 |  7.2
Transmutations | 4 8 |  8.1
Throwing       | 4 |  4.2

Action                     |  1- 3 |  4- 6 |  7- 9 | 10-12 | 13-15 | 16-18 || total
---------------------------+-------+-------+-------+-------+-------+-------++-------
  Melee: Orcbow            |       |     3 |       |       |       |       ||     3
   Fire: Sling             |    94 |   176 |       |       |       |       ||   270
         Orcbow            |       |    10 |   234 |   429 |   750 |   629 ||  2052
  Throw: Throwing net      |       |       |       |       |     2 |       ||     2
   Cast: Summon Ice Beast  |       |       |       |    28 |    37 |     8 ||    73
         Inner Flame       |       |       |       |     4 |     4 |     8 ||    16
         Summon Mana Viper |       |       |       |     5 |    82 |    15 ||   102
         Irradiate         |       |       |       |       |    13 |    35 ||    48
         Monstrous Menager |       |       |       |       |       |    11 ||    11
 Invoke: Curse Item        |       |       |     4 |     4 |       |     2 ||    10
         Shatter the Chain |       |       |       |     1 |     1 |       ||     2
  Evoke: Wand              |     3 |    11 |    15 |    13 |     5 |     5 ||    52
         Sack of spiders   |       |       |       |       |     2 |     3 ||     5
    Use: Scroll            |       |     3 |     2 |     2 |    11 |     2 ||    20
         Potion            |       |       |     1 |       |     3 |     2 ||     6
 Armour: Leather armour    |    19 |    60 |    47 |   111 |   177 |       ||   414
         Swamp dragon scal |       |       |       |       |    54 |   194 ||   248
  Dodge: Dodged            |    49 |    84 |    68 |   187 |   427 |   232 ||  1047

Table legend: (Time is in decaauts)
 A = Elapsed time spent in this place.
 B = Non-inter-level travel time spent in this place.
 C = Inter-level travel time spent in this place.
 D = Time resting spent in this place.
 E = Time spent auto-exploring this place.
 F = Levels seen in this place.
 G = Mean time per level.
                   A        B        C        D        E       F      G
               +--------+--------+--------+--------+--------+-----+--------+
         Total |  38227 |  36274 |   1953 |   3358 |  26632 |  25 | 1529.1 |
       Dungeon |  21025 |  19772 |   1253 |   1814 |  14677 |  15 | 1401.7 |
          Lair |  10130 |   9674 |    456 |    906 |   7011 |   5 | 2026.0 |
     Snake Pit |   4422 |   4252 |    170 |    617 |   2751 |   3 | 1474.0 |
  Orcish Mines |   2649 |   2576 |     73 |     20 |   2191 |   2 | 1324.5 |
               +--------+--------+--------+--------+--------+-----+--------+

Top non-repeatable levels by time:
     D:5: 3227 daAuts
  Lair:5: 2992 daAuts
   Orc:2: 2339 daAuts
  Lair:4: 2206 daAuts
    D:12: 2092 daAuts
  Lair:2: 2086 daAuts
    D:14: 1719 daAuts
  Lair:3: 1680 daAuts
 Snake:2: 1552 daAuts
 Snake:1: 1522 daAuts
    D:11: 1448 daAuts
     D:9: 1431 daAuts
     D:2: 1352 daAuts
     D:7: 1351 daAuts
 Snake:3: 1347 daAuts
